 Dungeon Crawl Stone Soup version 0.24.0-13-gcf9b319 (webtiles) character file.

Game seed: 10216496103511264599, levelgen mode: deterministic

157 Balder the Covered (level 5, -2/46 HPs)
             Began as a Minotaur Fighter on May 30, 2020.
             Slain by Sigmund
             ... wielding a +0 scythe of venom
              (8 damage)
             ... on level 3 of the Dungeon.
             The game lasted 00:05:54 (1890 turns).

Balder the Covered (Minotaur Fighter)               Turns: 1890, Time: 00:05:55

Health: -2/46      AC:  7    Str: 26    XL:     5   Next: 15%
Magic:  4/4        EV:  8    Int:  5    God:
Gold:   102        SH: 10    Dex: 10    Spells: 4/4 levels left

rFire    . . .     SeeInvis .   a - +0 flail
rCold    . . .     Gourm    .   c - +0 shield
rNeg     . . .     Faith    .   b - +0 scale mail
rPois    .         Spirit   .   (helmet restricted)
rElec    .         Reflect  .   (no cloak)
rCorr    .         Harm     .   (no gloves)
MR       .....                  (no boots)
Stlth    ..........             (no amulet)
HPRegen  0.15/turn              (no ring)
MPRegen  0.09/turn              (no ring)

@: mighty, slowed, very slow
A: retaliatory headbutt, horns 2
a: no special abilities


You were on level 3 of the Dungeon.
You were not hungry.

You visited 1 branch of the dungeon, and saw 3 of its levels.

You collected 102 gold pieces.

Inventory:

Hand Weapons
 a - a +0 flail (weapon)
 j - a +0 hand axe
 m - a cursed +0 dagger
 p - a +0 hunting sling
Missiles
 e - 7 poisoned darts (quivered)
 q - 34 sling bullets
Armour
 b - a +0 scale mail (worn)
 c - a +0 shield (worn)
Scrolls
 l - a scroll of immolation {unknown}
Potions
 g - a potion of cancellation {unknown}
 h - a potion of berserk rage {unknown}
 i - a potion of flight {unknown}
 k - a potion of heal wounds {unknown}
 n - a potion of magic {unknown}
Comestibles
 f - 5 rations


   Skills:
 * Level 4.2 Fighting
 * Level 4.0 Maces & Flails
 * Level 1.2 Throwing
 * Level 4.4 Armour
 * Level 1.1 Dodging
 * Level 1.0 Stealth
 * Level 4.3 Shields


You had 4 spell levels left.
You didn't know any spells.
Your spell library was empty.

Dungeon Overview and Level Annotations

Branches:
Dungeon (3/15)

Altars:

Annotations:
D:3 Sigmund


Innate Abilities, Weirdness & Mutations

You reflexively headbutt those who attack you in melee.
You have a pair of horns on your head.


Message History

An orc wizard comes into view. It is wielding a +0 dagger.
Something completely misses you. You block the frilled lizard's attack.
An orc wizard comes into view. It is wielding a +0 dagger.
Found a scroll labeled XAGORGH ZIFI.
The orc wizard shouts!
You bludgeon the frilled lizard!!
You kill the frilled lizard!
You hear a shout!
The orc wizard gestures wildly while chanting.
The orc wizard blinks!
The gnoll barely misses you.
A magic dart appears from out of thin air!
The magic dart hits you.
* * * LOW HITPOINT WARNING * * *
You block the gnoll's attack. You block something's attack.
The gnoll hits you but does no damage.
The frilled lizard bites you but does no damage.
There is a stone staircase leading up, spattered with blood here.
Your shield prevents you from hitting the gnoll.
Something hits you!
You die...

..? .. .# ..
... ##. #.#.
#.. #
.§...##.##.#
#.#........#
#l# #@#
o.....g†..#
..#.##.##.#
.. ... #..
### #.. ...
....


You could see an orc wizard, a gnoll and a frilled lizard.

Vanquished Creatures
  A bullfrog skeleton (D:2)
  Natasha (twice) (D:2 D:3)
  Robin (D:2)
  2 adders (D:2)
  A dart slug (D:1)
  A ball python (D:2)
  A giant cockroach (D:2)
  10 goblins
  7 hobgoblins
  A quokka (D:2)
  7 bats
  3 frilled lizards
  4 kobolds
  7 rats
48 creatures vanquished.

Notes
Turn   | Place    | Note
-------+----------+-------------------------------------------
     0 | D:1      | Balder the Minotaur Fighter began the quest for the Orb.
     0 | D:1      | Reached XP level 1. HP: 19/19 MP: 0/0
   246 | D:1      | Reached XP level 2. HP: 27/27 MP: 1/1
   767 | D:2      | Noticed Robin
   799 | D:2      | Killed Robin
   799 | D:2      | Reached XP level 3. HP: 22/33 MP: 2/2
   804 | D:2      | Reached skill level 1 in Throwing
   804 | D:2      | Reached XP level 4. HP: 22/40 MP: 3/3
  1644 | D:2      | Noticed Natasha
  1658 | D:2      | Killed Natasha
  1658 | D:2      | Reached skill level 1 in Dodging
  1658 | D:2      | Reached skill level 1 in Stealth
  1861 | D:2      | Noticed Natasha
  1879 | D:3      | Noticed Sigmund
  1886 | D:3      | Killed Natasha
  1886 | D:3      | Reached XP level 5. HP: 6/46 MP: 4/4
  1890 | D:3      | Slain by Sigmund

Levels and vault maps discovered:
D:1:      beargit_arrival_greenhouse, layout_basic, kennysheep_flooded_box,
          minmay_tree_intersection
D:2:      wad_lake_hut, layout_basic, first_ration, chequers_decorated_corner,
          uniq_robin, uniq_natasha
D:3:      layout_loops_cross, grunt_dithmenos_smoke_and_mirrors,
          fiery_altar_vehumet, serial_glass, glass_columns_b, glass_columns_a,
          makhleb_altar_promises_db, uniq_sigmund

Skill      XL: |  1  2  3  4 |
---------------+-------------+-----
Armour         | 4 |  4.4
Maces & Flails | 3 4 |  4.0
Fighting       | 4 |  4.2
Throwing       | 1 |  1.2
Shields        | 4 |  4.3
Dodging        | 1 |  1.1
Stealth        | 1 |  1.0

Action                   |  1- 3 |  4- 6 || total
-------------------------+-------+-------++-------
Melee: Flail             |    57 |    74 ||   131
       Headbutt          |     7 |     2 ||     9
Throw: Dart              |     9 |       ||     9
  Use: Potion            |       |     1 ||     1
  Eat: Chunk             |       |     3 ||     3
Armor: Scale mail        |    23 |    44 ||    67
Dodge: Dodged            |    24 |    39 ||    63
Block: Shield            |    28 |    41 ||    69
